 Dungeon Crawl Stone Soup version 0.23.2-40-g277498a001 (webtiles) character file.

Game seed: 5672265562217620878

430 jedigorilla the Chopper (level 6, -2/56 HPs)
             Began as a Hill Orc Monk on Aug 14, 2019.
             Killed by nerve-wracking pain
             ... invoked by Menkaure
              (12 damage)
             ... on level 4 of the Dungeon.
             The game lasted 00:21:36 (2541 turns).

jedigorilla the Chopper (Hill Orc Monk)             Turns: 2541, Time: 00:21:37

Health: -2/56      AC: 16    Str: 16    XL:     6   Next: 99%
Magic:  6/6        EV:  8    Int: 10    God:
Gold:   90         SH:  0    Dex: 13    Spells: 5/5 levels left

rFire    . . .     SeeInvis +   a - +1 hand axe
rCold    . . .     Gourm    .   (no shield)
rNeg     . . .     Faith    .   i - +0 chain mail
rPois    .         Spirit   .   (no helmet)
rElec    .         Reflect  .   s - +0 cloak
rCorr    .         Harm     .   (no gloves)
MR       .....                  v - +0 pair of boots
Stlth    ..........             (no amulet)
HPRegen  0.18/turn              h - +5 ring of protection
MPRegen  0.10/turn              o - ring of see invisible

@: no status effects
A: no striking features
a: no special abilities


You were on level 4 of the Dungeon.
You were not hungry.

You visited 1 branch of the dungeon, and saw 4 of its levels.

You collected 90 gold pieces.

Inventory:

Hand Weapons
 a - a +1 hand axe (weapon)
 j - a +4 quarterstaff of chaos
Armour
 i - a +0 chain mail (worn)
 p - a scarf of resistance
 s - a +0 cloak (worn)
 v - a +0 pair of boots (worn)
Jewellery
 h - a +5 ring of protection (left hand)
 o - a ring of see invisible (right hand)
Wands
 q - a wand of polymorph (10)
Scrolls
 d - 2 scrolls of remove curse
 e - a scroll of amnesia
 f - 3 scrolls of identify
 k - a scroll of fear
 l - 2 scrolls of enchant weapon
Potions
 g - 2 potions of curing
 m - a potion of haste
Comestibles
 b - a chunk of flesh
 c - 5 rations


   Skills:
 + Level 5.1 Fighting
 + Level 6.6 Axes
 * Level 4.2 Armour
 + Level 3.1 Dodging
 - Level 1.6 Stealth


You had 5 spell levels left.
You didn't know any spells.
Your spell library was empty.

Dungeon Overview and Level Annotations

Branches:
Dungeon (4/15)
 Temple: D:4-7

Altars:

Annotations:
D:4 Menkaure


Message History

The orc throws a tomahawk.
The tomahawk barely misses you. Menkaure casts a spell at you.
You barely resist.
The orc throws a tomahawk.
The tomahawk hits you but does no damage.
You see here a tomahawk.
Menkaure barely misses you. Menkaure barely misses you.
Menkaure gestures at you while chanting.
Pain shoots through your body!
The orc priest begins to cast a cantrip, but forgets the words!
Menkaure calls on the powers of darkness!
The orc convulses!
Your body is wracked with pain!
The orc convulses!
The slave convulses!
Something is bathed in an unholy light!
Menkaure points at you and mumbles some strange words.
Pain shoots through your body!
* * * LOW HITPOINT WARNING * * *
Menkaure points at you and mumbles some strange words.
Pain shoots through your body!
You die...

#o#p#
#
#o#.#
#o#o#
#.#o#
#.#M#
#.#
#.#
#.#
#@##
#..#
##.#
#<.#
####


You could see Menkaure and 2 orcs.

Vanquished Creatures
  Sigmund (D:3)
  A howler monkey (D:3)
  Crazy Yiuf (D:3)
  A centaur skeleton (D:3)
  Natasha (thrice) (D:3)
  2 adders (D:2)
  2 oozes
  2 worms (D:2)
  2 dart slugs
  2 leopard geckos (D:1)
  A ball python (D:1)
  2 giant cockroaches
  7 goblins
  10 hobgoblins
  8 jackals
  2 quokkas (D:2)
  12 bats
  3 frilled lizards
  7 kobolds
  6 rats
75 creatures vanquished.

Notes
Turn   | Place    | Note
-------+----------+-------------------------------------------
     0 | D:1      | jedigorilla the Hill Orc Monk began the quest for the Orb.
     0 | D:1      | Reached XP level 1. HP: 19/19 MP: 1/1
    69 | D:1      | Reached XP level 2. HP: 16/27 MP: 2/2
   325 | D:1      | Reached XP level 3. HP: 33/33 MP: 3/3
   981 | D:2      | Reached skill level 5 in Axes
  1092 | D:2      | Reached XP level 4. HP: 18/40 MP: 4/4
  1405 | D:2      | Reached skill level 1 in Armour
  1717 | D:3      | Noticed Sigmund
  1830 | D:3      | Reached XP level 5. HP: 34/47 MP: 5/5
  1978 | D:3      | Noticed Natasha
  1992 | D:3      | Killed Natasha
  2097 | D:3      | Found a runed translucent door.
  2098 | D:3      | Noticed Crazy Yiuf
  2117 | D:3      | Killed Crazy Yiuf
  2178 | D:3      | Noticed Natasha
  2186 | D:3      | Killed Natasha
  2285 | D:3      | Killed Sigmund
  2285 | D:3      | Reached skill level 5 in Fighting
  2285 | D:3      | Reached skill level 6 in Axes
  2285 | D:3      | Reached XP level 6. HP: 52/56 MP: 6/6
  2456 | D:3      | Noticed Natasha
  2463 | D:3      | Killed Natasha
  2526 | D:4      | Noticed Menkaure
  2529 | D:4      | Noticed a slave
  2541 | D:4      | Killed from afar by Menkaure

Skill      XL: |  1  2  3  4  5 |
---------------+----------------+-----
Fighting       | 4 5 |  5.1
Axes           | 5 6 |  6.6
Armour         | 1 4 |  4.2
Dodging        | 3 |  3.1
Stealth        | |  1.6

Action                   |  1- 3 |  4- 6 || total
-------------------------+-------+-------++-------
Melee: Hand axe          |   122 |   178 ||   300
       Rapier            |       |     2 ||     2
  Use: Scroll            |     3 |     6 ||     9
       Potion            |     1 |     4 ||     5
 Stab: Sleeping          |     3 |       ||     3
  Eat: Chunk             |     1 |     5 ||     6
Armor: Robe              |    22 |       ||    22
       Scale mail        |    36 |     2 ||    38
       Chain mail        |       |   109 ||   109
       Ring mail         |       |     1 ||     1
Dodge: Dodged            |    97 |    75 ||   172
